 Dungeon Crawl Stone Soup version 0.18-b1-22-ge198996 (webtiles) character file.

597 graki42 the Conjurer (level 7, -22/36 HPs)
             Began as a Deep Elf Conjurer on May 5, 2016.
             Annihilated by braks's ghost (27 damage)
             ... on level 4 of the Dungeon.
             The game lasted 00:23:56 (4037 turns).

graki42 the Conjurer (Deep Elf Conjurer)            Turns: 4037, Time: 00:23:57

Health: -22/36     AC:  3    Str:  7    XL:     7   Next: 17%
Magic:  14/17      EV: 18    Int: 20    God:
Gold:   194        SH:  0    Dex: 15    Spells: 4 memorised, 7 levels left

rFire  . . .     SeeInvis .     i - +1 dagger
rCold  . . .     Gourm    .     a - +0 robe
rNeg   . . .     Faith    .     (no shield)
rPois  .         Spirit   .     (no helmet)
rElec  .         Dismiss  .     (no cloak)
rCorr  .         Reflect  .     s - +0 pair of gloves
SustAt .         Harm     .     (no boots)
MR     .....                    (no amulet)
Stlth  +.........               (no ring)
                                u - +3 ring of evasion

@: glowing, not resistant to hostile enchantments, very unstealthy
A: no striking features
a: no special abilities


You were on level 4 of the Dungeon.
You were not hungry.

You visited 1 branch of the dungeon, and saw 4 of its levels.
You also visited: Ossuary.

You collected 194 gold pieces.

Inventory:

Hand Weapons
 i - a +1 dagger (weapon)
Armour
 a - a +0 robe (worn)
 s - a +0 pair of gloves (worn)
Jewellery
 d - an uncursed amulet of harm {unknown}
 u - a +3 ring of evasion (left hand)
Wands
 q - a wand of polymorph (10/24)
Scrolls
 k - 4 scrolls of remove curse
 l - 2 scrolls of enchant armour {unknown}
 m - a scroll of fear
 n - 2 scrolls of vulnerability {unknown}
 v - 2 scrolls of identify
 w - 2 scrolls of random uselessness
 x - a scroll of amnesia
 y - a scroll of immolation {unknown}
 A - a scroll of noise {unknown}
Potions
 e - a potion of brilliance {unknown}
 g - a potion of lignification {unknown}
 h - a potion of heal wounds {unknown}
 j - a potion of cure mutation {unknown}
 o - 2 potions of haste {unknown}
 r - a potion of mutation {unknown}
 t - 2 potions of degeneration {unknown}
 z - 3 potions of cancellation {unknown}
 B - 2 potions of agility {unknown}
Books
 b - a book of Conjurations

   Spells                             Type                      Level
   a - Magic Dart                     Conjuration                  1
   b - Searing Ray                    Conjuration                  2
   c - Dazzling Spray                 Conjuration/Hexes            3
   d - Fulminant Prism                Conjuration/Hexes            4
   e - Iskenderun's Mystic Blast      Conjuration                  4
   f - Iskenderun's Battlesphere      Conjuration/Charms           5
 p - a book of Callings

   Spells                             Type                      Level
   a - Summon Small Mammal            Summoning                    1
   b - Call Imp                       Summoning                    2
   c - Call Canine Familiar           Summoning                    3
   d - Summon Guardian Golem          Hexes/Summoning              3
   e - Summon Lightning Spire         Summoning/Air                4
   f - Summon Ice Beast               Ice/Summoning                4
Comestibles
 c - 4 bread rations
 f - a meat ration


   Skills:
 + Level 0.1 Fighting
 + Level 4.9 Dodging
 + Level 3.5 Stealth
 + Level 5.9 Spellcasting
 + Level 7.0 Conjurations
 + Level 1.1 Hexes


You had 7 spell levels left.
You knew the following spells:

 Your Spells              Type           Power        Failure   Level  Hunger
a - Magic Dart            Conj           ####         1%          1    None
b - Searing Ray           Conj           ####..       1%          2    None
c - Dazzling Spray        Conj/Hex       ###.....     8%          3    ##.....
d - Iskenderun's Mystic   Conj           ####....     8%          4    ####...


Dungeon Overview and Level Annotations

Branches:
Dungeon (4/15)
 Temple: D:4-7

Altars:
Ashenzari

Annotations:
D:4 braks's ghost, amateur HOEn


Message History

Braks's ghost is lightly damaged.
Braks's ghost points at you and mumbles some strange words.
You are outlined in light.
The searing ray hits braks's ghost.
Braks's ghost is lightly damaged.
An orc wizard comes into view. It is wielding a dagger.
The searing ray hits braks's ghost.
Braks's ghost is lightly damaged.
Braks's ghost points at you and mumbles some strange words.
You fall asleep.
The orc wizard moves out of view.
Braks's ghost closely misses you. Braks's ghost hits you!!
You wake up.
Ouch! That really hurt!
* * * LOW HITPOINT WARNING * * *
Braks's ghost points at you and mumbles some strange words.
You fall asleep.
Braks's ghost misses you. Braks's ghost hits you!!
You wake up.
Ouch! That really hurt!
You die...

,,+,,,#[.#............#..#.....#.
,,*,,,#..#............#..#.....#.
,,*,,,#..#............#.(#.....#.
,**,,*#..#............#..#.....#.
*######..###'####.....#..#.....##
,#..............#.....#'####....#
,#..............#(....#.>..#....#
,#.............W#.....#....#....#
,#..............@.....#....#....'
*#.......#......##....#....#....#
,##......#.....##.....####'#<...#
,,##.....#....##.................
,,,##....#...##..................
,,,,##...#..##...................
,,,,,##..#.##....................
,,,,,,######.............).).....
*,,,,,,+...#......##########.....


You could see braks's ghost.

Vanquished Creatures
  An ogre (D:4)
  2 elf zombies (Ossuary)
  2 centaur zombies (Ossuary)
  An orc wizard (D:3)
  Jessica (D:2)
  Ijyb (D:2)
  A big kobold zombie (Ossuary)
  2 mummies (Ossuary)
  7 adders
  3 adder zombies (Ossuary)
  2 worms
  4 dart slugs
  4 giant geckos
  6 orcs
  14 bats
  4 giant cockroaches
  4 goblins
  6 hobgoblins
  3 jackals (D:1)
  5 kobolds
  3 quokkas
  A ball python (D:1)
  5 giant newts
  2 goblin zombies (Ossuary)
  7 hobgoblin zombies (Ossuary)
  A jackal zombie (Ossuary)
  9 kobold zombies (Ossuary)
  9 orc zombies (Ossuary)
  6 rats
  A rat zombie (Ossuary)
117 creatures vanquished.

Notes
Turn   | Place    | Note
--------------------------------------------------------------
     0 | D:1      | graki42 the Deep Elf Conjurer began the quest for the Orb.
     0 | D:1      | Reached XP level 1. HP: 10/10 MP: 6/6
   119 | D:1      | Reached XP level 2. HP: 15/15 MP: 2/8
   154 | D:1      | Learned a level 2 spell: Searing Ray
   441 | D:1      | Reached skill level 5 in Conjurations
   758 | D:2      | Noticed Ijyb
   769 | D:2      | Reached XP level 3. HP: 16/19 MP: 2/9
  1024 | D:2      | Learned a level 3 spell: Dazzling Spray
  1162 | D:2      | Noticed Jessica
  1250 | D:2      | Killed Jessica
  1250 | D:2      | Reached XP level 4. HP: 24/24 MP: 6/11
  1299 | D:2      | Killed Ijyb
  1526 | D:2      | Learned a level 4 spell: Iskenderun's Mystic Blast
  1551 | D:2      | Reached XP level 5. HP: 28/28 MP: 3/13
  1570 | D:2      | Reached skill level 6 in Conjurations
  2191 | D:3      | Found a faded altar to an unknown god.
  2588 | D:4      | Noticed an ogre
  2642 | D:4      | Killed an ogre
  2642 | D:4      | Reached skill level 5 in Spellcasting
  2642 | D:4      | Reached skill level 1 in Hexes
  2642 | D:4      | Reached XP level 6. HP: 32/32 MP: 4/15
  2661 | D:4      | Found a sand-covered staircase.
  2670 | Ossuary  | Entered an ossuary
  3555 | Ossuary  | Reached XP level 7. HP: 35/36 MP: 8/17
  3562 | Ossuary  | Reached skill level 7 in Conjurations
  3991 | D:4      | Found a shattered altar of Ashenzari.
  4024 | D:4      | Noticed braks's ghost (amateur HOEn)
  4037 | D:4      | Annihilated by braks's ghost

Skill      XL: |  1  2  3  4  5  6  7 |
---------------+----------------------+-----
Conjurations   | 5 6 7 |  7.0
Dodging        | 3 4 |  4.9
Stealth        | 3 |  3.5
Spellcasting   | 4 5 |  5.9
Hexes          | 1 |  1.1
Fighting       | |  0.1

Action                   |  1- 3 |  4- 6 |  7- 9 || total
-------------------------+-------+-------+-------++-------
Melee: Dagger            |     2 |     4 |    14 ||    20
       Unarmed           |       |    20 |       ||    20
 Cast: Magic Dart        |    70 |   100 |    13 ||   183
       Searing Ray       |     4 |    18 |     3 ||    25
       Dazzling Spray    |     2 |    10 |       ||    12
  Use: Scroll            |       |     8 |       ||     8
 Stab: Sleeping          |       |     1 |       ||     1
  Eat: Chunk             |     1 |     4 |       ||     5
       Meat ration       |       |     1 |       ||     1
Armor: Robe              |     3 |    13 |     3 ||    19
Dodge: Dodged            |    11 |    84 |    18 ||   113
